 Dungeon Crawl Stone Soup version 0.29.1-12-g30fa7ad0bf (webtiles) character file.

Game seed: 13554818132909338960

497 xian the Covert (level 6, -1/32 HPs)
             Began as a Spriggan Delver on Jan 7, 2023.
             Slain by a water moccasin (14 damage)
             ... on level 6 of the Dungeon.
             The game lasted 00:15:52 (6693 turns).

xian the Covert (Spriggan Delver)                   Turns: 6693, Time: 00:15:54

Health: -1/32      AC:  2    Str: 10    XL:     6   Next: 93%
Magic:  10/10      EV: 18    Int: 11    God:
Gold:   1382       SH:  0    Dex: 17    Spells: 9/10 levels left

rFire   + . .      SeeInvis +   p - +0 dagger (pain)
rCold   . . .      Faith    .   (no shield)
rNeg    . . .      Spirit   .   b - +0 robe
rPois   .          Reflect  .   (helmet restricted)
rElec   .          Harm     .   (no cloak)
rCorr   .          Rampage  .   (gloves unavailable)
Will    ++...                   (boots unavailable)
Stlth   +++++.....              (no amulet)
HPRegen 0.10/turn               o - ring of protection from fire
MPRegen 0.12/turn               v - ring of willpower

@: very quick
A: very small, no large weapons, unfitting armour, see invisible, speed 3
a: no special abilities


You were on level 6 of the Dungeon.
You visited 1 branch of the dungeon, and saw 6 of its levels.

You collected 1487 gold pieces.
You spent 105 gold pieces at shops.

Inventory:

Hand Weapons
 a - a +0 short sword
 p - a +0 dagger of pain (weapon)
Missiles
 k - 53 stones
 m - 17 poisoned darts
 D - 2 datura-tipped darts (quivered)
Armour
 b - a +0 robe (worn)
Magical Staves
 e - a staff of death
Jewellery
 o - a ring of protection from fire (left hand)
 v - a ring of willpower (right hand)
Wands
 g - a wand of digging (3)
Scrolls
 c - a scroll of fog
 d - a scroll of brand weapon
 l - 2 scrolls of enchant armour {unknown}
 r - 4 scrolls of poison {unknown}
 u - a scroll of amnesia
 y - a scroll of enchant weapon
 z - 2 scrolls of vulnerability {unknown}
 A - 3 scrolls of teleportation {unknown}
 C - a scroll of fear
Potions
 f - 2 potions of haste
 h - a potion of ambrosia {unknown}
 i - 4 potions of attraction {unknown}
 j - a potion of mutation {unknown}
 n - a potion of brilliance
 q - a potion of invisibility
 s - a potion of curing
 w - a potion of cancellation
 x - 2 potions of heal wounds
 B - a potion of might {unknown}


   Skills:
 + Level 3.1 Fighting
 + Level 3.2 Short Blades
 + Level 0.6 Throwing
 + Level 3.4 Dodging
 + Level 10.8 Stealth
 * Level 2.5 Spellcasting
 * Level 1.8 Necromancy


You had 9 spell levels left.
You knew the following spells:

 Your Spells              Type           Power      Damage    Failure   Level
a - Summon Small Mammal   Summ           4%         N/A       28%         1

Your spell library contained the following spells:

 Spells                   Type           Power      Damage    Failure   Level
 Static Discharge         Conj/Air       1%         3-4/arc   38%         2
 Call Canine Familiar     Summ           1%         N/A       63%         3
 Frozen Ramparts          Ice            2%         1d1       63%         3
 Summon Guardian Golem    Hex/Summ       1%         N/A       63%         3
 Animate Dead             Necr           5%         N/A       77%         4
 Ice Form                 Ice/Tmut       1%         N/A       95%         4
 Summon Ice Beast         Ice/Summ       1%         N/A       95%         4
 Borgnjor's Vile Clutch   Necr/Erth      1%         N/A       99%         5
 Lightning Bolt           Conj/Air       0%         1d11      100%        5
 Death Channel            Necr           2%         N/A       100%        6
 Maxwell's Capacitive Co  Air            0%         ∞         100%        8


Dungeon Overview and Level Annotations

Branches:
Dungeon (6/15)
 Temple: D:4-7

Altars:
Cheibriados
Dithmenos
Nemelex Xobeh
Sif Muna
Uskayaw
Zin

Shops:
D:1 ?   D:6 [


Innate Abilities, Weirdness & Mutations

You are very small and have problems with some larger weapons.
You are too small for most types of armour.
You have supernaturally acute eyesight. (SInv)
You cover ground extremely quickly. (Speed+++)


Message History

There is an open door here.
You feel sick.
You feel sick.
Okay, then.
You throw an atropa-tipped dart.
The atropa-tipped dart barely misses the water moccasin.
The atropa-tipped dart closely misses the orc.
You feel sick.
You are too injured to fight recklessly!
Throw: dart (atropa)
Press: ? - help, Q - select action, (/) - cycle Shift-Dir - straight line, f/p - water moccasin
Aim: a water moccasin (lightly wounded, 42% to hit, chance to blind on hit: 73%)
You throw an atropa-tipped dart.
The atropa-tipped dart barely misses the water moccasin.
The atropa-tipped dart closely misses the orc.
You feel sick.
The water moccasin completely misses you.
Okay, then.
Unknown command.
Unknown command.
You are too injured to fight recklessly!
Throw: 4 darts (datura)
Press: ? - help, Q - select action, (/) - cycle Shift-Dir - straight line, f/p - water moccasin
Aim: a water moccasin (lightly wounded, 42% to hit, chance to frenzy on hit: 75%)
You throw a datura-tipped dart.
The datura-tipped dart misses the water moccasin.
The datura-tipped dart hits the orc.
The orc flies into a frenzy!
You feel sick. The water moccasin closely misses you.
The orc hits the water moccasin with a +0 dagger.
Throw: 3 darts (datura)
Press: ? - help, Q - select action, (/) - cycle Shift-Dir - straight line, f/p - water moccasin
Aim: a water moccasin (lightly wounded, 42% to hit, chance to frenzy on hit: 75%)
You throw a datura-tipped dart.
The datura-tipped dart hits the water moccasin.
The water moccasin flies into a frenzy!
The water moccasin is lightly wounded.
You feel sick.
You are no longer poisoned.
The water moccasin bites you!
You die...

#.# #.# #.# #.#
#.#
.#.######.########
.......#..........
#..........##.###
#####.#.@.##
#.#.S##
#.#.o####.#
..#.......#
####'######
##...## #.....#
#...(...#
#.........#


You could see a neutral water moccasin (fast, strong, insane) and a neutral orc
(fast, strong, insane, distracted).

Vanquished Creatures
  A black bear (D:6)
  3 scorpions
  A jelly (D:4)
  3 iguanas (D:5)
  4 adders
  An ufetubus (D:5)
  4 dart slugs
  7 orcs
  5 endoplasms
  7 giant cockroaches
  6 goblins
  9 hobgoblins
  6 kobolds
  A quokka (D:4)
  3 ball pythons
  3 bats (D:1)
  3 frilled lizards
  4 rats
71 creatures vanquished.

Notes
Turn   | Place    | Note
-------+----------+-------------------------------------------
     0 | D:5      | xian the Spriggan Delver began the quest for the Orb.
     0 | D:5      | Reached XP level 1. HP: 11/11 MP: 2/2
   439 | D:4      | Noticed a scorpion
   493 | D:4      | Killed a scorpion
   494 | D:4      | Reached skill level 9 in Stealth
   494 | D:4      | Reached XP level 2. HP: 16/16 MP: 3/3
   494 | D:4      | Reached XP level 3. HP: 19/19 MP: 4/4
   494 | D:4      | Noticed a necrophage
   552 | D:3      | Reached XP level 4. HP: 23/23 MP: 5/5
   745 | D:3      | Found a shadowy altar of Dithmenos.
  1076 | D:3      | Noticed a +0 spear
  1077 | D:3      | Noticed a +0 dagger
  1077 | D:3      | Noticed a +0 falchion
  1078 | D:3      | Noticed a +0 short sword
  1078 | D:3      | Noticed a +0 dagger
  1078 | D:3      | Noticed a +0 spear
  1079 | D:3      | Noticed a +0 short sword
  1080 | D:3      | Noticed a +0 falchion
  1084 | D:3      | Found a hide-covered altar of Uskayaw.
  1336 | D:2      | Found a faded altar of an unknown god.
  1630 | D:2      | Reached skill level 1 in Spellcasting
  2465 | D:1      | Found Ebuz's Magic Scroll Shop.
  2472 | D:1      | Bought a scroll of noise for 10 gold pieces
  2473 | D:1      | Bought a scroll of brand weapon for 95 gold pieces
  2632 | D:1      | Reached XP level 5. HP: 23/28 MP: 8/8
  2941 | D:1      | Learned a level 1 spell: Summon Small Mammal
  3747 | D:4      | Reached skill level 1 in Necromancy
  3815 | D:4      | Reached skill level 10 in Stealth
  3881 | D:4      | Identified a scroll of acquirement
  3882 | D:4      | Acquired 1102 gold pieces
  4291 | D:5      | Found a glowing silver altar of Zin.
  4397 | D:5      | Reached XP level 6. HP: 6/32 MP: 9/9
  6370 | D:6      | Found Areew's Armour Emporium.
  6409 | D:6      | Found a sparkling altar of Nemelex Xobeh.
  6456 | D:6      | Found a snail-covered altar of Cheibriados.
  6468 | D:6      | Found a shimmering blue altar of Sif Muna.
  6679 | D:6      | Noticed a water moccasin
  6693 | D:6      | Slain by a water moccasin

Illustrated notes

Levels and vault maps discovered:
D:1:      dpeg_arrival_shelter, layout_basic, serial_shops,
          nicolae_shop_competitors_out_of_business
D:2:      layout_loops_ring, chequers_ecumenical_altar_lobes,
          hangedman_decor_points
D:3:      layout_loops_ring, mainiacjoe_overflow_concentric_impassable,
          nicolae_uskayaw_en_pointe, dk_noncrumbling_4, st_stairs_7
D:4:      layout_basic, kennysheep_generic_room_12
D:5:      layout_layer_cave, lemuel_tele_altar
D:6:      layout_loops_corners, nicolae_overflow_hidden_temple, serial_shops,
          nicolae_take_the_stairs

Skill      XL: |  1  2  3  4  5  6 |
---------------+-------------------+-----
Stealth        | 9 10 | 10.8
Spellcasting   | 1 2 |  2.5
Dodging        | 3 |  3.4
Necromancy     | 1 |  1.8
Fighting       | 3 |  3.1
Short Blades   | 3 |  3.2
Throwing       | |  0.6

Action                   |  1- 3 |  4- 6 || total
-------------------------+-------+-------++-------
Melee: Short sword       |     6 |    54 ||    60
       Dagger            |       |   218 ||   218
       Punch             |       |     5 ||     5
Throw: Dart              |       |    19 ||    19
  Use: Scroll            |     2 |     9 ||    11
 Stab: Sleeping          |     6 |    29 ||    35
Armor: Robe              |       |    18 ||    18
Dodge: Dodged            |       |   176 ||   176
